 Dungeon Crawl Stone Soup version 0.23.1-37-gaa34b87b72 (webtiles) character file.

Game seed: 9637767379859271864

72 GGGomer the Chopper (level 4, -4/40 HPs)
             Began as a Hill Orc Fighter on Mar 21, 2019.
             Slain by a gnoll
             ... wielding a +0 spear
              (7 damage)
             ... on level 2 of the Dungeon.
             The game lasted 00:02:42 (1489 turns).

GGGomer the Chopper (Hill Orc Fighter)              Turns: 1489, Time: 00:02:43

Health: -4/40      AC:  8    Str: 19    XL:     4   Next: 26%
Magic:  4/4        EV:  7    Int:  8    God:
Gold:   71         SH:  9    Dex: 10    Spells: 3/3 levels left

rFire    . . .     SeeInvis .   a - +0 war axe
rCold    . . .     Gourm    .   c - +0 shield
rNeg     . . .     Faith    .   b - +0 scale mail
rPois    .         Spirit   .   (no helmet)
rElec    .         Reflect  .   (no cloak)
rCorr    .         Harm     .   k - +0 pair of gloves
MR       .....                  (no boots)
Stlth    ..........             (no amulet)
HPRegen  0.13/turn              (no ring)
MPRegen  0.09/turn              (no ring)

@: no status effects
A: no striking features
a: no special abilities


You were on level 2 of the Dungeon.
You were very hungry.

You visited 1 branch of the dungeon, and saw 2 of its levels.

You collected 71 gold pieces.

Inventory:

Hand Weapons
 a - a +0 war axe (weapon)
Armour
 b - a +0 scale mail (worn)
 c - a +0 shield (worn)
 k - a +0 pair of gloves (worn)
Scrolls
 g - 2 scrolls of teleportation {unknown}
 h - 2 scrolls of fear {unknown}
 i - a scroll of blinking {unknown}
 j - 2 scrolls of fog {unknown}
 l - a scroll of remove curse {unknown}
Potions
 d - 3 potions of might
 e - 2 potions of brilliance {unknown}
Comestibles
 f - 4 rations


   Skills:
 + Level 4.0 Fighting
 + Level 4.1 Axes
 + Level 3.9 Armour
 + Level 0.6 Dodging
 + Level 3.7 Shields


You had 3 spell levels left.
You didn't know any spells.
Your spell library was empty.

Dungeon Overview and Level Annotations

Branches:
Dungeon (2/15)

Altars:


Message History

The jackal barely misses you. The gnoll hits you with a +0 club!
* * * LOW HITPOINT WARNING * * *
You block the jackal's attack. You block the gnoll's attack.
The jackal bites you but does no damage.
You block the gnoll's attack. You block the jackal's attack.
You block the jackal's attack. The jackal barely misses you.
The jackal bites you but does no damage.
The jackal bites you.
* * * LOW HITPOINT WARNING * * *
You barely miss the jackal.
The jackal is almost dead.
You slash the jackal!
You kill the jackal!
You slash the gnoll!
You kill the gnoll!
Your Axes skill increases to level 4!
The jackal bites you but does no damage.
You block the jackal's attack.
The gnoll hits you from afar with a +0 spear!
You die...

................#..........#
...........##...#..........#
............#.###..#.......#
.#..........#...#..#.......#
.............##.#..#.......#
................#..#########
.#..†.......##.....#########
...........####<#g..........
................@h...)..##
..........##....h)g......#
........#....>......[.....#
.####..####...............#
.####.## #.................
......# #.................
.....## #.................
....## #.................
....# ##...........


You could see 2 gnolls and 2 jackals.

Vanquished Creatures
  2 gnolls (D:2)
  An adder (D:2)
  2 worms (D:2)
  2 dart slugs
  A leopard gecko (D:2)
  5 goblins
  2 hobgoblins
  2 jackals (D:2)
  3 bats (D:1)
  4 frilled lizards
  9 kobolds
  3 rats
36 creatures vanquished.

Vanquished Creatures (others)
  7 toadstools (D:2)
7 creatures vanquished.

Grand Total: 43 creatures vanquished

Notes
Turn   | Place    | Note
-------+----------+-------------------------------------------
     0 | D:1      | GGGomer the Hill Orc Fighter began the quest for the Orb.
     0 | D:1      | Reached XP level 1. HP: 19/19 MP: 1/1
     2 | D:1      | Noticed a centaur
     2 | D:1      | Noticed a human
     4 | D:1      | Noticed an ogre
     6 | D:1      | Noticed a formicid
     8 | D:1      | Noticed a spriggan
     8 | D:1      | Noticed a naga
    10 | D:1      | Noticed a halfling
    10 | D:1      | Noticed a dwarf
    12 | D:1      | Noticed an octopode
    12 | D:1      | Noticed a demonspawn
    14 | D:1      | Noticed an elf
    14 | D:1      | Noticed a felid
    16 | D:1      | Noticed a troll
    18 | D:1      | Noticed a vampire
    18 | D:1      | Noticed a draconian
    20 | D:1      | Noticed a ghoul
    22 | D:1      | Noticed a minotaur
    22 | D:1      | Noticed a demigod
    24 | D:1      | Noticed a gargoyle
    24 | D:1      | Noticed a merfolk
    26 | D:1      | Noticed a tengu
    26 | D:1      | Noticed a vine stalker
   477 | D:1      | Reached XP level 2. HP: 26/27 MP: 2/2
   956 | D:2      | Reached XP level 3. HP: 5/33 MP: 3/3
  1483 | D:2      | Reached XP level 4. HP: 12/40 MP: 4/4
  1489 | D:2      | Slain by a gnoll

Skill      XL: |  1  2  3  4 |
---------------+-------------+-----
Axes           | 3 4 |  4.1
Fighting       | 4 |  4.0
Armour         | |  3.9
Dodging        | |  0.6
Shields        | |  3.7

Action                   |  1- 3 |  4- 6 || total
-------------------------+-------+-------++-------
Melee: War axe           |   114 |     2 ||   116
  Eat: Chunk             |     1 |       ||     1
Armor: Scale mail        |   103 |     5 ||   108
Dodge: Dodged            |    70 |     3 ||    73
Block: Shield            |   115 |     6 ||   121
